 Dungeon Crawl Stone Soup version 0.27.1-4-g1640c2035a (webtiles) character file.

Game seed: 6939036563847754492

59 Destapler the Chopper (level 4, -2/40 HPs)
             Began as a Hill Orc Chaos Knight on Nov 7, 2021.
             Was a Plaything of Xom.
             Slain by a black bear (7 damage)
             ... on level 2 of the Dungeon.
             The game lasted 00:05:51 (2265 turns).

Destapler the Chopper (Hill Orc Chaos Knight)       Turns: 2265, Time: 00:05:52

Health: -2/40      AC:  5    Str: 14    XL:     4   Next: 3%
Magic:  4/4        EV: 11    Int: 14    God:    Xom [....*.]
Gold:   206        SH:  0    Dex: 11    Spells: 3/3 levels left

rFire    . . .     SeeInvis .   a - +0 hand axe (chaos)
rCold    . . .     Faith    .   (no shield)
rNeg     . . .     Spirit   .   j - +2 leather armour
rPois    .         Reflect  .   (no helmet)
rElec    .         Harm     .   (no cloak)
rCorr    .         Rampage  .   (no gloves)
Will     .....                  (no boots)
Stlth    +.........             (no amulet)
HPRegen  0.13/turn              (no ring)
MPRegen  0.09/turn              (no ring)

@: no status effects
A: clever 1, sense surroundings 1
a: Renounce Religion


You were on level 2 of the Dungeon.
You worshipped Xom.
You were a beloved toy of Xom.
You visited 1 branch of the dungeon, and saw 2 of its levels.

You collected 206 gold pieces.

Inventory:

Hand Weapons
 a - a +0 hand axe of chaos (weapon)
 b - a +1 dagger of chaos
 c - a +0 whip of chaos
Missiles
 d - 51 stones (quivered)
 e - 2 javelins
Armour
 j - a +2 leather armour (worn)
Scrolls
 f - a scroll of teleportation
 g - a scroll of noise {unknown}
Potions
 h - a potion of curing


   Skills:
 + Level 4.2 Fighting
 + Level 4.6 Axes
 + Level 0.9 Throwing
 + Level 2.8 Armour
 + Level 1.4 Dodging


You had 3 spell levels left.
You didn't know any spells.
Your spell library contained the following spells:

 Spells                   Type           Power      Damage    Failure   Level
 Gell's Gravitas          Tloc           0%         N/A       71%         3
 Lesser Beckoning         Tloc           0%         N/A       71%         3
 Teleport Other           Tloc           0%         N/A       71%         3


Dungeon Overview and Level Annotations

Branches:
Dungeon (2/15)

Altars:


Innate Abilities, Weirdness & Mutations

Your mind is acute. (Int +2)
You passively map a small area around you.


Message History

You hit the black bear.
The black bear is moderately wounded.
The black bear bites you.
The black bear claws you but does no damage.
The black bear completely misses you.
You hit the black bear. You freeze the black bear.
The black bear is heavily wounded.
The black bear bites you. The black bear barely misses you.
The black bear claws you but does no damage.
You closely miss the black bear.
The black bear is heavily wounded.
Xom's power flows through you! Wisps of shadow whirl around you...
The black bear bites you but does no damage.
The black bear claws you but does no damage.
The black bear misses you. The black bear barely misses you.
The black bear claws you.
The black bear claws you but does no damage.
A black bear is nearby!
You swap places.
Your bat hits the black bear.
The black bear goes berserk!
There is an open door here.
The black bear looks more healthy.
Your bat hits the black bear.
Your bat barely misses the black bear.
The black bear bites your bat.
Your bat dies!
Your bat's corpse dissolves into shadows!
You throw a stone.
The stone hits the black bear but does no damage.
The black bear is severely wounded.
You hit the black bear but do no damage.
The black bear is poisoned.
The black bear is severely wounded.
The black bear bites you!
* * * LOW HITPOINT WARNING * * *
The black bear claws you.
* * * LOW HITPOINT WARNING * * *
The black bear claws you.
* * * LOW HITPOINT WARNING * * *
The black bear bites you!
You die...
Xom bursts into laughter!

###...#########.######.# #.#.
#...# #...........##.# #.#. #...#
#.#####.###.##.#######.#.
#...###+### #.#.....>........#.
###.........###.######.#########.
...............>.......# #.
#####.......#.........## #.
#####.......'.........# #.
#....######.#...@.<...# #. #....#
#.#...h.....# #. #....#
#.###(#'##############. #....##
#.# #.#................ ....[.#
#.# #.#################
#####+#***#.# #.# .,,,,,,,,,..*
#.# ...,,,,,,,,,**#(#*********
.....,,,,,,,**.(.,,,,,,,,*


You could see a black bear (berserk, very poisoned).

Vanquished Creatures
  2 adders (D:2)
  A worm (D:2)
  A dart slug (D:2)
  3 endoplasms (D:1)
  A giant cockroach (D:1)
  2 goblins (D:1)
  2 hobgoblins
  4 jackals (D:1)
  A quokka (D:2)
  6 ball pythons
  2 bats
  3 frilled lizards
  2 kobolds
  5 rats
35 creatures vanquished.

Vanquished Creatures (collateral kills)
  An endoplasm (D:1)
  A kobold (D:1)
2 creatures vanquished.

Grand Total: 37 creatures vanquished

Notes
Turn   | Place    | Note
-------+----------+-------------------------------------------
     0 | D:1      | Destapler the Hill Orc Chaos Knight began the quest for the
                  | Orb.
     0 | D:1      | Reached XP level 1. HP: 19/19 MP: 1/1
    55 | D:1      | XOM: silly message
    85 | D:1      | XOM: 5-stop teleportation journey
    87 | D:1      | XOM: 7-stop teleportation journey
   110 | D:1      | XOM: chaos upgrade
   127 | D:1      | XOM: noise
   130 | D:1      | HP: 1/20 [frozen (4)]
   143 | D:1      | Reached skill level 1 in Dodging
   147 | D:1      | HP: 1/20 [kobold/stone (1)]
   157 | D:1      | XOM: cast spell 'Monstrous Menagerie'
   159 | D:1      | Reached XP level 2. HP: 3/27 MP: 2/2
   348 | D:1      | XOM is BORED!
   522 | D:1      | XOM: cloud trail
   529 | D:1      | Found a faded altar of an unknown god.
  1046 | D:1      | XOM: scenery: 1 doors close
  1131 | D:1      | Reached XP level 3. HP: 33/33 MP: 3/3
  1310 | D:1      | XOM: god gift: plate armour {god gift}
  1471 | D:2      | XOM: butterfly on damage
  1554 | D:2      | XOM: summons 4 hostile shadow creatures
  1565 | D:2      | XOM: chaos upgrade
  1604 | D:2      | Noticed a black bear
  1772 | D:2      | XOM: god gift: 56 gold pieces
  2015 | D:2      | XOM: 3-stop teleportation journey
  2144 | D:2      | Reached XP level 4. HP: 40/40 MP: 4/4
  2189 | D:2      | XOM: god gift: staff of earth
  2200 | D:2      | Gained mutation: You passively map a small area around you.
                  | [potion of mutation]
  2200 | D:2      | Gained mutation: Your mind is acute. (Int +2) [potion of
                  | mutation]
  2250 | D:2      | XOM: divination: detect items
  2259 | D:2      | XOM: cast spell 'Shadow Creatures'
  2265 | D:2      | Slain by a black bear

Illustrated notes

Levels and vault maps discovered:
D:1:      heliophobic_arrival_battle_scene, layout_loops_corners,
          shapermc_ecumenical_altar_ellora
D:2:      layout_basic, minmay_pentomino_u2

Skill      XL: |  1  2 |
---------------+-------+-----
Dodging        | 1 |  1.4
Fighting       | 4 |  4.2
Axes           | |  4.6
Throwing       | |  0.9
Armour         | |  2.8

Action                   |  1- 3 |  4- 6 || total
-------------------------+-------+-------++-------
Melee: Hand axe          |   106 |     8 ||   114
       Dagger            |     2 |       ||     2
Throw: Javelin           |     2 |       ||     2
       Stone             |     3 |     7 ||    10
  Use: Scroll            |     3 |       ||     3
       Potion            |     1 |     1 ||     2
 Stab: Sleeping          |     1 |       ||     1
Armor: Leather armour    |    37 |     5 ||    42
Dodge: Dodged            |    79 |     6 ||    85
